 Dungeon Crawl Stone Soup version 0.30.0 (webtiles) character file.

Game seed: 5869678176546736215

895 alexhoolio the Spear-Bearer (level 7, -1/57 HPs)
             Began as a Minotaur Fighter on May 29, 2023.
             Slain by a troll (6 damage)
             ... on level 5 of the Dungeon.
             The game lasted 00:16:09 (3945 turns).

alexhoolio the Spear-Bearer (Minotaur Fighter)      Turns: 3945, Time: 00:16:10

Health: -1/57      AC:  9    Str: 22    XL:     7   Next: 78%
Magic:  6/6        EV: 15    Int:  5    God:
Gold:   252        SH:  4    Dex: 10    Spells: 6/6 levels left

rFire   . . .        d - +2 trident (venom)
rCold   . . .        c - +0 buckler
rNeg    . . .        u - +4 ring mail
rPois   .            (helmet restricted)
rElec   .            (no cloak)
rCorr   .            (no gloves)
SInv    .            (no boots)
Will    .....        (no amulet) Stlth
                     z - +5 ring of evasion
HPRegen 0.29/turn    (no ring)
MPRegen 0.10/turn

%: no passive effects
@: hasted, very quick
A: horns 2, retaliatory headbutt
a: no special abilities


You were on level 5 of the Dungeon.
You visited 2 branches of the dungeon, and saw 6 of its levels.

You collected 252 gold pieces.

Inventory:

Hand Weapons
 d - a +2 trident of venom (weapon)
Missiles
 b - 3 curare-tipped darts
 e - 33 stones (quivered)
 r - 7 poisoned darts
Armour
 c - a +0 buckler (worn)
 s - a +2 robe of cold resistance
 u - a +4 ring mail (worn)
 v - the +1 robe "Lifron" {rCorr Int+4 Dex+3}
   (You found it on level 3 of the Dungeon)

   Int:       It affects your intelligence (+4).
   Dex:       It affects your dexterity (+3).
   rCorr:     It protects you from acid and corrosion.
Jewellery
 x - a ring of fire
 z - a +5 ring of evasion (left hand)
Scrolls
 f - 2 scrolls of enchant weapon {unknown}
 g - a scroll of identify
 h - a scroll of fear {unknown}
 i - 3 scrolls of amnesia {unknown}
 l - 4 scrolls of noise {unknown}
 m - 2 scrolls of poison {unknown}
 n - a scroll of immolation {unknown}
 o - a scroll of torment {unknown}
 p - a scroll of butterflies {unknown}
 y - a scroll of teleportation {unknown}
 A - a scroll of acquirement {unknown}
Potions
 a - a potion of resistance
 j - 4 potions of attraction
 q - a potion of degeneration
 t - 4 potions of curing
 w - a potion of magic


   Skills:
 - Level 3.6 Fighting
 * Level 10.9 Polearms
 - Level 3.6 Armour
 - Level 3.6 Shields


You had 6 spell levels left.
You didn't know any spells.
Your spell library contained the following spells:

 Spells                   Type           Power      Damage    Failure   Level
 Kiss of Death            Conj/Necr      0%         2d5       71%         1
 Confusing Touch          Hex            0%         N/A       97%         3
 Dispel Undead            Necr           0%         3d6       100%        4


Dungeon Overview and Level Annotations

Branches:
Dungeon (5/15)             Temple (1/1) D:4

Altars:
Ashenzari
Dithmenos
Elyvilon
Fedhas
Gozag
Kikubaaqudgha
Nemelex Xobeh
Ru
Sif Muna
Trog
Wu Jian
Xom
Zin

Annotations:
D:4 Menkaure


Innate Abilities, Weirdness & Mutations

You have a pair of horns on your head.
You reflexively headbutt those who attack you in melee.


Message History

Things that are here:
a +0 dagger; a +0 robe You see here a yak corpse.
Things that are here:
a +0 dagger; a +0 robe
There is a stone staircase leading up, spattered with blood here.
You see here an iguana corpse.
Things that are here:
a +0 dagger; a +0 robe You reach to attack!
You hit the troll.
The troll is poisoned.
The troll is lightly wounded.
The troll attacks as you move away! The troll barely misses you.
You furiously retaliate!
You headbutt the troll! The troll closely misses you.
The troll barely misses you.
There is a stone staircase leading up, spattered with blood here.
You see here an iguana corpse.
The troll attacks as you move away! The troll bites you!
You block the troll's attack. The troll barely misses you.
The troll attacks as you move away! You block the troll's attack.
The troll claws you! The troll claws you. The troll attacks as you move away!
The troll closely misses you. The troll completely misses you.
The troll closely misses you.
You hit the troll.
The troll looks even sicker.
The troll is heavily wounded.
The troll barely misses you. You furiously retaliate!
You headbutt the troll! The troll claws you. The troll claws you!
The troll attacks as you move away! The troll misses you.
You block the troll's attack. The troll claws you but does no damage.
The troll attacks as you move away! The troll bites you!
* * * LOW HITPOINT WARNING * * *
The troll claws you but does no damage. The troll barely misses you.
Things that are here:
a +0 dagger; a +0 robe
There is a stone staircase leading up, spattered with blood here.
You see here an iguana corpse.
The troll attacks as you move away! The troll bites you!
* * * LOW HITPOINT WARNING * * *
You block the troll's attack. The troll barely misses you.
You feel yourself speed up. You block the troll's attack. The troll claws you.
You die...

#......#.....#.....
#..###.#.....#.####
#...#........# ###
#.#.#..#######.##..
#.#.#..# #..... #......#
#.####
########.#.########.##..
#...............#.. #...
#.###.#@.#..###.#.#.#...
###.###.#T...)......#.....
........#.##........#.#...
###.##..#<##........#.#...
####.....)...........#
##..
.<......†#######.....#
#### .####...).####
##...## ...
#.......#...##...### ##.
#[........#........####.


You could see a troll (poisoned).

Vanquished Creatures
  A yak (D:5)
  Edmund (D:5)
  An ogre (D:5)
  A phantom (D:5)
  2 scorpions (D:5)
  2 hounds
  A sleepcap (D:5)
  Terence (D:3)
  An iguana (D:5)
  3 orc wizards (D:5)
  10 adders
  2 dart slugs (D:2)
  6 orcs
  9 ball pythons
  6 endoplasms
  A giant cockroach (D:4)
  7 goblins
  7 hobgoblins
  5 jackals
  8 kobolds
  2 quokkas
  4 bats
  2 frilled lizards (D:1)
  6 rats
89 creatures vanquished.

Notes
Turn   | Place    | Note
-------+----------+-------------------------------------------
     0 | D:1      | alexhoolio the Minotaur Fighter began the quest for the
                  | Orb.
     0 | D:1      | Reached XP level 1. HP: 19/19 MP: 0/0
   163 | D:1      | Reached skill level 3 in Polearms
   363 | D:1      | Reached XP level 2. HP: 26/26 MP: 1/1
   922 | D:2      | Reached skill level 4 in Polearms
   927 | D:2      | Reached XP level 3. HP: 31/31 MP: 2/2
  1986 | D:3      | Reached skill level 5 in Polearms
  2008 | D:3      | Found a blossoming altar of Fedhas.
  2061 | D:3      | Found a white marble altar of Elyvilon.
  2062 | D:3      | Noticed Terence
  2069 | D:3      | Killed Terence
  2070 | D:3      | Reached XP level 4. HP: 34/39 MP: 3/3
  2270 | D:3      | Identified the +1 robe "Lifron" {rCorr Int+4 Dex+3}
  2343 | D:3      | Reached skill level 6 in Polearms
  2573 | D:4      | Noticed Menkaure
  2587 | D:5      | Entered Level 5 of the Dungeon
  2783 | D:4      | Found a staircase to the Ecumenical Temple.
  2832 | Temple   | Entered the Ecumenical Temple
  3102 | D:4      | Reached XP level 5. HP: 45/45 MP: 4/4
  3547 | D:5      | Reached skill level 7 in Polearms
  3574 | D:5      | Found a shimmering blue altar of Sif Muna.
  3591 | D:5      | Reached XP level 6. HP: 51/51 MP: 5/5
  3620 | D:5      | Reached skill level 8 in Polearms
  3689 | D:5      | Found a shimmering altar of Xom.
  3709 | D:5      | Noticed Edmund
  3733 | D:5      | Reached skill level 9 in Polearms
  3747 | D:5      | Killed Edmund
  3748 | D:5      | Reached XP level 7. HP: 53/57 MP: 6/6
  3822 | D:5      | Found a sparkling altar of Nemelex Xobeh.
  3871 | D:5      | Noticed a yak
  3883 | D:5      | Killed a yak
  3884 | D:5      | Reached skill level 10 in Polearms
  3915 | D:5      | Noticed a troll
  3945 | D:5      | Slain by a troll

Illustrated notes

Levels and vault maps discovered:
D:1:      nzn_arrival_crosshair, layout_basic, minmay_tetromino_t4
D:2:      minmay_inner_zag, layout_basic, serial_curves, eino_curves_02,
          eino_curves_01, grunt_ministairs_15, hangedman_glass_teeth
D:3:      layout_basic, mainiacjoe_overflow_large_starburst, minmay_pentangle,
          uniq_terence
D:4:      nicolae_cairo_tiling_large_dashed, layout_basic,
          mainiacjoe_overflow_alcove_2, nicolae_concentric_dashed_squares_wild,
          uniq_menkaure
D:5:      layout_loops_cross, nicolae_sif_muna_little_library,
          old_standard_altar, lemuel_crystal_altar, minmay_manual_monstrance,
          uniq_grinder, uniq_edmund
Temple:   nicolae_temple_superstar

Skill      XL: |  1  2  3  4  5  6  7 |
---------------+----------------------+-----
Polearms       | 3 4 5 6 7 9 10 | 10.9
Fighting       | |  3.6
Armour         | |  3.6
Shields        | |  3.6

Action                     |  1- 3 |  4- 6 |  7- 9 || total
---------------------------+-------+-------+-------++-------
  Melee: Trident           |    87 |    83 |    21 ||   191
         Headbutt          |    11 |     9 |     5 ||    25
  Throw: Stone             |       |     5 |       ||     5
    Use: Potion            |     1 |       |     1 ||     2
         Scroll            |       |     6 |       ||     6
 Armour: Scale mail        |    20 |       |       ||    20
         Ring mail         |       |    14 |     7 ||    21
  Dodge: Dodged            |    25 |    39 |    17 ||    81
  Block: Buckler           |    10 |    10 |     7 ||    27
